 Dungeon Crawl Stone Soup version 0.28.0-1-gb440e238dd (webtiles) character file.

Game seed: 7411941365277889430

2049 Peloso the Carver (level 9, -3/83 (86) HPs)
             Began as a Minotaur Fighter on Feb 25, 2022.
             Was a Follower of Okawaru.
             Slain by a wight (4 damage)
             ... on level 7 of the Dungeon.
             The game lasted 00:09:50 (7539 turns).

Peloso the Carver (Minotaur Fighter)                Turns: 7539, Time: 00:09:51

HP:   -3/83 (86)    AC: 16    Str: 23    XL:     9   Next: 4%
MP:   8/8           EV:  7    Int:  5    God:    Okawaru [*.....]
Gold: 347           SH:  5    Dex: 14    Spells: 8/8 levels left

rFire   . . .      SeeInvis .   a - +1 long sword
rCold   . . .      Faith    .   c - +0 buckler
rNeg    . . .      Spirit   .   D - +0 plate armour
rPois   .          Reflect  .   (helmet restricted)
rElec   .          Harm     .   (no cloak)
rCorr   .          Rampage  .   k - +0 pair of gloves
Will    +....                   (no boots)
Stlth   ..........              (no amulet)
HPRegen 0.23/turn               e - ring of willpower
MPRegen 0.11/turn               l - ring of flight

@: brilliant, flying, lightly drained
A: horns 2, retaliatory headbutt, iridescent scales 1, thin skeletal structure
1, robust 1
a: Renounce Religion, Heroism


You were on level 7 of the Dungeon.
You worshipped Okawaru.
Okawaru was aware of your devotion.
You visited 2 branches of the dungeon, and saw 8 of its levels.

You collected 347 gold pieces.

Inventory:

Hand Weapons
 a - a +1 long sword (weapon)
Missiles
 u - a throwing net (quivered)
Armour
 b - a +0 scale mail
 c - a +0 buckler (worn)
 k - a +0 pair of gloves (worn)
 m - a +0 chain mail
 D - a +0 plate armour (worn)
Jewellery
 e - a ring of willpower (left hand)
 l - a ring of flight (right hand)
 o - an amulet of the acrobat
 s - an amulet of faith
 B - a ring of wizardry
Wands
 p - a wand of digging (1)
Scrolls
 f - a scroll of blinking {unknown}
 g - a scroll of holy word {unknown}
 i - 4 scrolls of enchant armour {unknown}
 n - 4 scrolls of enchant weapon
 q - a scroll of teleportation {unknown}
 w - a scroll of amnesia {unknown}
 x - 5 scrolls of identify
 y - 4 scrolls of immolation {unknown}
 z - a scroll of noise {unknown}
Potions
 d - a potion of might
 h - a potion of berserk rage
 r - a potion of mutation
 t - a potion of flight
 v - a potion of invisibility


   Skills:
 + Level 7.0 Fighting
 + Level 9.2 Long Blades
 + Level 7.9 Armour
 + Level 2.8 Dodging
 + Level 0.6 Stealth
 + Level 6.0 Shields


You had 8 spell levels left.
You didn't know any spells.
Your spell library contained the following spells:

 Spells                   Type           Power      Damage    Failure   Level
 Apportation              Tloc           0%         N/A       100%        1
 Pain                     Necr           0%         1d4       100%        1
 Confusing Touch          Hex            0%         N/A       100%        3
 Gell's Gravitas          Tloc           0%         N/A       100%        3
 Teleport Other           Tloc           0%         N/A       100%        3
 Agony                    Necr           0%         N/A       100%        5
 Alistair's Intoxication  Tmut/Pois      0%         N/A       100%        5
 Excruciating Wounds      Necr           0%         N/A       100%        5
 Yara's Violent Unravell  Hex/Tmut       0%         3d3       100%        5
 Dispersal                Tloc           0%         N/A       100%        6
 Enfeeble                 Hex            0%         N/A       100%        7


Dungeon Overview and Level Annotations

Branches:
Dungeon (7/15)             Temple (1/1) D:5

Altars:
Gozag
Makhleb
Okawaru
Qazlal
Zin
Lugonu

Shops:
D:1 ?   D:5 *   D:6 (

Portals:
Abyss: D:3

Annotations:
D:5 3 runed translucent doors, Ablot's ghost, amateur GnWr; crompyre's ghost, novice MiCA
D:6 2 runed translucent doors


Innate Abilities, Weirdness & Mutations

You have a pair of horns on your head.
You reflexively headbutt those who attack you in melee.
You are partially covered in iridescent scales. (AC +2)
You have a somewhat thin skeletal structure. (Dex +2, Stealth+)
You are robust. (+10% HP)


Message History

* * * LOW HITPOINT WARNING * * *
You feel drained.
* * * LOW HITPOINT WARNING * * *
x2 The wight hits you but does no damage.
The necrophage hits you but does no damage.
You feel better. You block the wight's attack. x2
The necrophage hits you but does no damage.
You hit the necrophage. Your headbutt misses the necrophage.
The necrophage is moderately damaged.
The wight hits you but does no damage. The wight barely misses you.
You slash the necrophage! Your headbutt misses the necrophage.
The necrophage is almost destroyed.
The necrophage hits you but does no damage.
You hit the necrophage.
You destroy the necrophage!
Okawaru accepts your kill.
You have reached level 9!
Your experience leads to an increase in your attributes!
Your base attributes are Str 21, Int 5, Dex 12.
Increase (S)trength, (I)ntelligence, or (D)exterity?
You feel stronger. x2
You feel like a meek peon again.
It was a potion of magic.
Magic courses through your body. The centaur skeleton barely misses you.
You furiously retaliate!
You headbutt the centaur skeleton!
The centaur skeleton kicks you but does no damage.
You hit the centaur skeleton. You headbutt the centaur skeleton!
The centaur skeleton is almost destroyed.
The wight closely misses you.
The centaur skeleton closely misses you.
You furiously retaliate!
You headbutt the centaur skeleton!
You destroy the centaur skeleton!
Okawaru accepts your kill.
Your Fighting skill increases to level 7!
You block the wight's attack.
You hit the wight but do no damage. You headbutt the wight.
The wight is moderately damaged.
The wight hits you from afar with a +2 vorpal halberd!
* * * LOW HITPOINT WARNING * * *
You die...

#.... #.# .#
#....###.##.#
#...........####
#.....<.........
...###$.[h..[##
#...Z...#
#.###.##)####
#.....##z#
##....@zh#
#########


You could see a black bear and 2 wights.

Vanquished Creatures
  A black bear (D:3)
  A sky beast (D:6)
  An orc warrior (D:6)
  A necrophage (D:7)
  3 ogres
  2 phantoms (D:5)
  Blork the orc (D:6)
  A scorpion (D:5)
  A water moccasin zombie (D:5)
  2 wights (D:7)
  A vampire bat (D:5)
  2 centaur zombies
  4 hounds
  A jelly (D:5)
  6 orc priests
  A gnoll shaman (D:4)
  A bullfrog skeleton (D:6)
  Jessica (D:3)
  5 centaur skeletons
  An iguana (D:6)
  Natasha (D:2)
  An orc wizard (D:2)
  A hound skeleton (D:5)
  A howler monkey zombie (D:6)
  5 gnolls (D:4)
  12 adders
  A shadow imp (D:5)
  2 worms (D:2)
  16 orcs
  10 ball pythons
  4 endoplasms
  13 giant cockroaches
  4 goblins
  4 hobgoblins
  2 jackals (D:4)
  6 quokkas
  12 bats
  3 frilled lizards
  4 kobolds
  6 rats
  2 lurking horrors (D:3)
147 creatures vanquished.

Notes
Turn   | Place    | Note
-------+----------+-------------------------------------------
     0 | D:1      | Peloso the Minotaur Fighter began the quest for the Orb.
     0 | D:1      | Reached XP level 1. HP: 19/19 MP: 0/0
   284 | D:1      | Found Hoes's Magic Scroll Boutique.
   451 | D:1      | Reached XP level 2. HP: 27/27 MP: 1/1
   617 | D:1      | Found a faded altar of an unknown god.
  1155 | D:2      | Reached XP level 3. HP: 33/33 MP: 2/2
  1463 | D:2      | Reached skill level 3 in Long Blades
  1463 | D:2      | Reached XP level 4. HP: 31/41 MP: 3/3
  1945 | D:2      | Noticed Natasha
  1960 | D:2      | Killed Natasha
  1961 | D:2      | Reached XP level 5. HP: 36/47 MP: 4/4
  2447 | D:3      | Found a one-way gate to the infinite horrors of the Abyss.
  2452 | D:3      | Reached skill level 4 in Long Blades
  2452 | D:3      | Found a corrupted altar of Lugonu.
  2939 | D:3      | Noticed Jessica
  2945 | D:3      | Killed Jessica
  3055 | D:3      | Noticed a black bear
  3063 | D:3      | Killed a black bear
  3064 | D:3      | Reached skill level 5 in Long Blades
  3064 | D:3      | Reached skill level 5 in Armour
  3064 | D:3      | Reached skill level 1 in Dodging
  3064 | D:3      | Reached XP level 6. HP: 53/55 MP: 5/5
  3388 | D:4      | Found an opulent altar of Gozag.
  3584 | D:4      | Reached skill level 5 in Fighting
  3584 | D:4      | Reached skill level 5 in Shields
  3658 | D:4      | Found a glowing silver altar of Zin.
  4041 | D:4      | Reached XP level 7. HP: 51/61 MP: 6/6
  4180 | D:4      | Reached skill level 6 in Long Blades
  4812 | D:5      | Entered Level 5 of the Dungeon
  4947 | D:5      | Found a burning altar of Makhleb.
  4975 | D:5      | Found a staircase to the Ecumenical Temple.
  5031 | Temple   | Entered the Ecumenical Temple
  5037 | Temple   | Became a worshipper of Warmaster Okawaru
  5074 | D:5      | Reached skill level 7 in Long Blades
  5204 | D:5      | Found Yvamin's Assorted Antiques.
  5223 | D:5      | Reached XP level 8. HP: 70/70 MP: 7/7
  5670 | D:5      | Reached * piety under Okawaru
  5671 | D:5      | Reached skill level 8 in Long Blades
  6046 | D:5      | Found a runed translucent gate.
  6047 | D:5      | Found a runed translucent gate.
  6047 | D:5      | Found a runed translucent gate.
  6052 | D:5      | Noticed Ablot's ghost (amateur GnWr)
  6052 | D:5      | Noticed crompyre's ghost (novice MiCA)
  6167 | D:6      | Noticed Blork the orc
  6176 | D:6      | Killed Blork the orc
  6392 | D:6      | Found a stormy altar of Qazlal.
  6501 | D:6      | Found Cokumoiza's Antique Weapon Emporium.
  6630 | D:6      | Found a runed translucent door.
  6632 | D:6      | Found a runed translucent door.
  7055 | D:6      | Reached skill level 9 in Long Blades
  7527 | D:7      | Gained mutation: You are partially covered in iridescent
                  | scales. (AC +2) [potion of mutation]
  7527 | D:7      | Gained mutation: You are robust. (+10% HP) [potion of
                  | mutation]
  7527 | D:7      | Gained mutation: You have a somewhat thin skeletal
                  | structure. (Dex +2, Stealth+) [potion of mutation]
  7534 | D:7      | Reached XP level 9. HP: 13/81 MP: 5/8
  7539 | D:7      | HP: 1/83 [wight (13)]
  7539 | D:7      | Slain by a wight

Illustrated notes

Levels and vault maps discovered:
D:1:      dpeg_arrival_stone_temple_mockup, layout_basic,
          chequers_ecumenical_altar_twisty, serial_shops, shop,
          grunt_decor_fettered
D:2:      minmay_roachtagon, layout_basic, uniq_natasha
D:3:      layout_loops_cross, amcnicky_altar_lugonu_corruption, uniq_jessica
D:4:      minmay_razor_zed, layout_basic,
          pdpol_temple_overflow_zin_treasury_gozag_greed
D:5:      nicolae_cairo_tiling_large, layout_gridville, kennysheep_little_box,
          minmay_temple_entry_glassed_door, serial_shops, shop_fountains,
          gammafunk_ghost_cemetery, roderic_batcave
D:6:      lemuel_insect_pit, layout_layer_cave, mainiacjoe_overflow_paths,
          serial_shops, nicolae_diamond_shop, uniq_blork_the_orc
D:7:      layout_loops_ring, nicolae_overflow_hallway_of_the_gods,
          enter_bailey_4, uniq_prince_ribbit1, uniq_joseph, uniq_maggie
Temple:   dshaligram_water_room_temple

Skill      XL: |  1  2  3  4  5  6  7  8  9 |
---------------+----------------------------+-----
Shields        | 4 5 6 |  6.0
Armour         | 4 5 6 7 |  7.9
Fighting       | 4 5 6 7 |  7.0
Long Blades    | 3 5 7 9 |  9.2
Dodging        | 1 2 |  2.8
Stealth        | |  0.6

Action                   |  1- 3 |  4- 6 |  7- 9 || total
-------------------------+-------+-------+-------++-------
Melee: Long sword        |    69 |   116 |   184 ||   369
       Headbutt          |     4 |    25 |    39 ||    68
Invok: Heroism           |       |       |     2 ||     2
  Use: Scroll            |       |     2 |     2 ||     4
       Potion            |       |       |     5 ||     5
Armor: Scale mail        |    32 |    14 |       ||    46
       Chain mail        |       |    59 |   106 ||   165
       Plate armour      |       |       |    16 ||    16
Dodge: Dodged            |    46 |    35 |    81 ||   162
Block: Buckler           |    18 |    35 |    50 ||   103
